 Dungeon Crawl Stone Soup version 0.31.0-32-g396128a36d (webtiles) character file.

Game seed: 14341630534702416989

284 601d51SH the Shield-Bearer (level 6, 0/53 HPs)
             Began as a Gnoll Fighter on Mar 31, 2024.
             Slain by a hobgoblin (1 damage)
             ... led by Robin
             ... on level 3 of the Dungeon.
             The game lasted 00:04:06 (1417 turns).

601d51SH the Shield-Bearer (Gnoll Fighter)          Turns: 1417, Time: 00:04:06

Health: 0/53       AC:  7    Str: 17    XL:     6   Next: 29%
Magic:  9/9        EV: 10    Int:  7    God:
Gold:   84         SH:  0    Dex: 12    Spells: 9/9 levels left

rFire   . . .        m - +2 scythe (venom)
rCold   . . .        (shield currently unavailable)
rNeg    . . .        b - +0 scale mail
rPois   .            (no helmet)
rElec   .            (no cloak)
rCorr   .            (no gloves)
SInv    .            (no boots)
Will    .....        (no amulet) Stlth
                     (no ring)
HPRegen 0.28/turn    (no ring)
MPRegen 0.11/turn

%: no passive effects
@: no status effects
A: fangs 1, strong nose, distributed training
a: no special abilities


You were on level 3 of the Dungeon.
You visited 1 branch of the dungeon, and saw 3 of its levels.

You collected 84 gold pieces.

Inventory:

Hand Weapons
 a - a +0 war axe
 m - a +2 scythe of venom (weapon)
Armour
 b - a +0 scale mail (worn)
 c - a +0 buckler
 k - a +0 plate armour
 l - an orb of energy
Scrolls
 f - 2 scrolls of identify {unknown}
 i - a scroll of fog {unknown}
 j - 3 scrolls of teleportation {unknown}
 n - 2 scrolls of enchant armour {unknown}
 o - a scroll of noise {unknown}
Potions
 d - a potion of might
 e - 2 potions of curing {unknown}
 g - a potion of degeneration {unknown}
 h - a potion of mutation {unknown}
 p - a potion of brilliance {unknown}


   Skills:
 + Level 6.8 Fighting
 + Level 2.0 Short Blades
 + Level 2.0 Long Blades
 + Level 5.0 Axes
 + Level 2.0 Maces & Flails
 + Level 2.0 Polearms
 + Level 2.0 Staves
 + Level 2.0 Ranged Weapons
 + Level 2.0 Throwing
 + Level 6.8 Armour
 + Level 2.0 Dodging
 + Level 2.0 Stealth
 + Level 6.8 Shields
 + Level 2.0 Unarmed Combat
 + Level 2.0 Spellcasting
 + Level 1.5 Conjurations
 + Level 1.5 Hexes
 + Level 1.5 Summonings
 + Level 1.5 Necromancy
 + Level 1.5 Translocations
 + Level 1.5 Fire Magic
 + Level 1.5 Ice Magic
 + Level 1.5 Air Magic
 + Level 1.5 Earth Magic
 + Level 1.5 Alchemy
 + Level 2.2 Invocations
 + Level 2.0 Evocations
 + Level 1.8 Shapeshifting


You had 9 spell levels left.
You didn't know any spells.
Your spell library contained the following spells:

 Spells                   Type           Power      Damage    Failure   Level
 Fugue of the Fallen      Necr           2%         N/A       87%         3
 Ozocubu's Armour         Ice            2%         N/A       87%         3
 Manifold Assault         Tloc           2%         N/A       99%         4


Dungeon Overview and Level Annotations

Branches:
Dungeon (3/15)

Altars:


Innate Abilities, Weirdness & Mutations

You have very sharp teeth.
Your uncanny sense of smell can sniff out nearby items.
Your experience applies equally to all skills.


Message History

The hobgoblin barely misses you. The goblin closely misses you.
The hobgoblin closely misses you.
You closely miss the goblin. Your bite misses the goblin.
The goblin closely misses you. The goblin hits you with a +0 dagger.
* * * LOW HITPOINT WARNING * * *
The hobgoblin hits you.
* * * LOW HITPOINT WARNING * * *
The hobgoblin closely misses you. The hobgoblin barely misses you.
The goblin barely misses you.
You closely miss the goblin. Your bite misses the goblin.
The goblin barely misses you. The goblin hits you with a +0 dagger.
* * * LOW HITPOINT WARNING * * *
The goblin hits you with a +0 dagger.
* * * LOW HITPOINT WARNING * * *
The hobgoblin hits you.
* * * LOW HITPOINT WARNING * * *
The hobgoblin misses you.
The hobgoblin hits you but does no damage.
You closely miss the goblin. You bite the goblin.
The goblin is moderately wounded.
The hobgoblin no longer looks unusually strong.
The goblin closely misses you.
The goblin hits you but does no damage. x2
The hobgoblin hits you but does no damage. x2
The hobgoblin closely misses you. The goblin hits you with a +0 club.
* * * LOW HITPOINT WARNING * * *
The goblin hits you but does no damage. The hobgoblin closely misses you.
The hobgoblin hits you but does no damage.
The goblin hits you but does no damage. The hobgoblin misses you.
You puncture the hobgoblin!
You kill the hobgoblin!
The goblin barely misses you. The goblin completely misses you.
The goblin hits you but does no damage. The hobgoblin hits you.
* * * LOW HITPOINT WARNING * * *
The hobgoblin misses you.
You completely miss the hobgoblin. The goblin closely misses you.
The goblin hits you but does no damage. The hobgoblin closely misses you.
The goblin barely misses you. The hobgoblin closely misses you.
The hobgoblin hits you but does no damage.
The hobgoblin hits you.
You die...

..># ... # ..# . ∆ ..##.
###...# #.....# #...gg# ..
#...g@###### ##.##
+...ggg....# ...#
#......###.# #..#
#############.# #.# ###..####
#........# #.###.# .......#
#......(.# ##..##.######....#
#........# #......#.........#
#........####..#####.####...#
#...............####....'...'


You could see 3 hobgoblins and 3 goblins.

Vanquished Creatures
  Sigmund (D:2)
  Jessica (D:2)
  Robin (D:3)
  3 adders (D:2)
  A dart slug (D:2)
  A ribbon worm (D:2)
  4 orcs (D:3)
  2 bats
  5 endoplasms
  2 giant cockroaches (D:1)
  7 goblins
  8 hobgoblins
  4 jackals (D:2)
  3 quokkas
  A ball python (D:3)
  2 frilled lizards
  4 kobolds
  3 rats
53 creatures vanquished.

Notes
Turn   | Place    | Note
-------+----------+-------------------------------------------
     0 | D:1      | 601d51SH the Gnoll Fighter began the quest for the Orb.
     0 | D:1      | Reached XP level 1. HP: 23/23 MP: 1/1
    36 | D:1      | Reached XP level 2. HP: 29/29 MP: 2/2
   446 | D:2      | Reached XP level 3. HP: 35/35 MP: 3/3
   529 | D:2      | Noticed Jessica
   532 | D:2      | Killed Jessica
   533 | D:2      | Reached skill level 1 in Short Blades
   533 | D:2      | Reached skill level 1 in Long Blades
   533 | D:2      | Reached skill level 1 in Maces & Flails
   533 | D:2      | Reached skill level 1 in Polearms
   533 | D:2      | Reached skill level 1 in Staves
   533 | D:2      | Reached skill level 1 in Ranged Weapons
   533 | D:2      | Reached skill level 1 in Throwing
   533 | D:2      | Reached skill level 1 in Dodging
   533 | D:2      | Reached skill level 1 in Stealth
   533 | D:2      | Reached skill level 1 in Unarmed Combat
   533 | D:2      | Reached skill level 1 in Spellcasting
   533 | D:2      | Reached skill level 1 in Invocations
   533 | D:2      | Reached skill level 1 in Evocations
   592 | D:2      | Reached skill level 1 in Shapeshifting
   592 | D:2      | Reached XP level 4. HP: 38/41 MP: 5/5
   679 | D:2      | Noticed Sigmund
   687 | D:2      | Killed Sigmund
   688 | D:2      | Reached skill level 1 in Conjurations
   688 | D:2      | Reached skill level 1 in Hexes
   688 | D:2      | Reached skill level 1 in Summonings
   688 | D:2      | Reached skill level 1 in Necromancy
   688 | D:2      | Reached skill level 1 in Translocations
   688 | D:2      | Reached skill level 1 in Fire Magic
   688 | D:2      | Reached skill level 1 in Ice Magic
   688 | D:2      | Reached skill level 1 in Air Magic
   688 | D:2      | Reached skill level 1 in Earth Magic
   688 | D:2      | Reached skill level 1 in Alchemy
   688 | D:2      | Reached XP level 5. HP: 39/47 MP: 5/7
   688 | D:2      | Reached XP level 6. HP: 44/53 MP: 5/8
  1300 | D:3      | Reached skill level 5 in Axes
  1397 | D:3      | Noticed Robin
  1409 | D:3      | Killed Robin
  1415 | D:3      | HP: 2/53 [goblin/+0 club[Robin] (1)]
  1417 | D:3      | Slain by a hobgoblin

Illustrated notes

Levels and vault maps discovered:
D:1:      reono_arrival_mine, layout_rooms
D:2:      layout_loops_ring, uniq_jessica, uniq_sigmund
D:3:      layout_basic, shapermc_ecumenical_altar_venn, uniq_robin

Skill      XL: |  1  2  3  4  5  6 |
---------------+-------------------+-----
Short Blades   | 1 2 |  2.0
Long Blades    | 1 2 |  2.0
Maces & Flails | 1 2 |  2.0
Polearms       | 1 2 |  2.0
Staves         | 1 2 |  2.0
Ranged Weapons | 1 2 |  2.0
Throwing       | 1 2 |  2.0
Dodging        | 1 2 |  2.0
Stealth        | 1 2 |  2.0
Unarmed Combat | 1 2 |  2.0
Spellcasting   | 1 2 |  2.0
Invocations    | 1 2 |  2.2
Evocations     | 1 2 |  2.0
Shapeshifting  | 1 |  1.8
Conjurations   | 1 |  1.5
Hexes          | 1 |  1.5
Summonings     | 1 |  1.5
Necromancy     | 1 |  1.5
Translocations | 1 |  1.5
Fire Magic     | 1 |  1.5
Ice Magic      | 1 |  1.5
Air Magic      | 1 |  1.5
Earth Magic    | 1 |  1.5
Alchemy        | 1 |  1.5
Axes           | 5 |  5.0
Fighting       | |  6.8
Armour         | |  6.8
Shields        | |  6.8

Action                     |  1- 3 |  4- 6 || total
---------------------------+-------+-------++-------
  Melee: War axe           |    62 |    20 ||    82
         Bite              |     4 |     5 ||     9
         Halberd           |       |    61 ||    61
 Armour: Scale mail        |    29 |   100 ||   129
  Dodge: Dodged            |    31 |    87 ||   118
  Block: Buckler           |    16 |     9 ||    25
